| TOP OF THE 1ST |
|
Boston Red Sox batting - Pitching for Seattle Mariners : LHP David Anaya
|
|
Pitching: LHP David Anaya
|
|
|
Batting: RHB Elijah Campbell
|
0-0: Fly out, F9 (Flyball, 89M, EV 88.8 MPH)
|
|
Batting: RHB John Chiesa
|
0-0: Ball 1-0: Foul Ball, location: 2F 1-1: Ball 2-1: Ball 3-1: Called Strike 3-2: Ground out 5-3 (Groundball, 56S, EV 79.4 MPH)
|
|
Batting: RHB David Price Jr.
|
0-0: Called Strike 0-1: Ball 1-1: Ball 2-1: Fly out, F8 (Flyball, 8LXD, EV 105.6 MPH)
|
| Top of the 1st over - 0 runs, 0 hits, 0 errors, 0 left on base; Boston 0 - Seattle 0 |
| BOTTOM OF THE 1ST |
|
Seattle Mariners batting - Pitching for Boston Red Sox : RHP Jeremy Hernandez
|
|
Pitching: RHP Jeremy Hernandez
|
|
|
Batting: LHB Tommy Luce
|
0-0: Foul Ball, location: 2F 0-1: Ball 1-1: Called Strike 1-2: Ground out 4-3 (Groundball, 4, EV 94.4 MPH)
|
|
Batting: LHB Dae-ik Yoon
|
0-0: Foul Ball, location: 2F 0-1: Ball 1-1: DOUBLE (Line Drive, 78D, EV 109.4 MPH)
|
|
Batting: RHB Jose Vasquez
|
0-0: Ball 1-0: Ball 2-0: Foul Ball, location: 2F 2-1: Fly out, F8 (Flyball, 8LD, EV 85.0 MPH) Runner from 2nd tags up, SAFE at 3rd with throw by CF
|
|
Batting: RHB Tony Vargas
|
0-0: Called Strike 0-1: Ball 1-1: Foul Ball, location: 2F 1-2: Ground out 6-3 (Groundball, 6, EV 86.9 MPH)
|
| Bottom of the 1st over - 0 runs, 1 hit, 0 errors, 1 left on base; Boston 0 - Seattle 0 |
| TOP OF THE 2ND |
|
Boston Red Sox batting - Pitching for Seattle Mariners : LHP David Anaya
|
|
Batting: SHB Marvin Lawrence
|
0-0: SINGLE (Line Drive, 9S, EV 98.8 MPH)
|
|
Batting: LHB Kevin McCormic Jr.
|
0-0: Ball 1-0: Ball 2-0: Called Strike 2-1: SINGLE (Groundball, 3D, EV 95.0 MPH) Marvin Lawrence to second Runner from 2nd tries for 3rd, SAFE, throw by RF made to third
|
|
Batting: RHB Mike McElroy
|
0-0: Ball 1-0: Ball 2-0: Ball 3-0: Called Strike 3-1: Called Strike 3-2: Foul Ball, location: 2F 3-2: Foul Ball, location: 2F 3-2: Base on Balls Kevin McCormic Jr. to second
|
|
Batting: RHB Ray Llewellyn
|
0-0: Fly out, F9 (Flyball, 89S, EV 75.0 MPH)
|
|
Batting: LHB Zack Guillen
|
0-0: Ball 1-0: Foul Ball, location: 2F 1-1: DOUBLE (Line Drive, 7LM, EV 111.2 MPH) Marvin Lawrence scores Kevin McCormic Jr. scores Mike McElroy to third Runner from 3rd tries for Home, SAFE, throw by LF to home
|
|
Batting: RHB Joe Sandoval
|
0-0: Called Strike 0-1: Ball 1-1: Foul Ball, location: 2F 1-2: Ball 2-2: Ball 3-2: Ground out U3 (Groundball, 34, EV 86.2 MPH) Zack Guillen to third
|
|
Batting: RHB Elijah Campbell
|
0-0: Ball 1-0: Called Strike 1-1: Called Strike 1-2: Strikes out swinging
|
| Top of the 2nd over - 3 runs, 3 hits, 0 errors, 1 left on base; Boston 3 - Seattle 0 |
| BOTTOM OF THE 2ND |
|
Seattle Mariners batting - Pitching for Boston Red Sox : RHP Jeremy Hernandez
|
|
Batting: LHB Jerrod Cluck
|
0-0: Ball 1-0: Ground out 3-1 (Groundball, 34, EV 88.8 MPH)
|
|
Batting: SHB Ray Skogen
|
0-0: Called Strike 0-1: Reached on error, E5 (Groundball, 56, EV 102.5 MPH)
|
|
Batting: RHB Rick Ellis
|
0-0: Ball 1-0: Foul Ball, location: 2F 1-1: SINGLE (Line Drive, 4D, EV 95.0 MPH) Ray Skogen to second
|
|
Batting: RHB Young-kwang Ohnn
|
0-0: Ball 1-0: Ball 2-0: Foul Ball, location: 2F 2-1: Foul Ball, location: 2F 2-2: Foul Ball, location: 2F 2-2: Strikes out looking
|
|
Batting: RHB Malik Brookshire
|
0-0: Ball 1-0: Ball 2-0: Ball 3-0: Called Strike 3-1: Called Strike 3-2: Foul Ball, location: 2F 3-2: Base on Balls Ray Skogen to third Rick Ellis to second
|
|
Batting: LHB Tommy Luce
|
0-0: Ball 1-0: Called Strike 1-1: Foul Ball, location: 2F 1-2: Foul Ball, location: 2F 1-2: Foul Ball, location: 2F 1-2: Strikes out swinging
|
| Bottom of the 2nd over - 0 runs, 1 hit, 1 error, 3 left on base; Boston 3 - Seattle 0 |
| TOP OF THE 3RD |
|
Boston Red Sox batting - Pitching for Seattle Mariners : LHP David Anaya
|
|
Batting: RHB John Chiesa
|
0-0: Ball 1-0: Fly out, F3 (Popup, 3F, EV 83.1 MPH)
|
|
Batting: RHB David Price Jr.
|
0-0: Ball 1-0: Ball 2-0: Ground out 5-3 (Groundball, 5S, EV 84.4 MPH)
|
|
Batting: SHB Marvin Lawrence
|
0-0: Ball 1-0: Ball 2-0: Ball 3-0: Base on Balls
|
|
Batting: LHB Kevin McCormic Jr.
|
0-0: Called Strike 0-1: Ball 1-1: Ball 2-1: Ground out 4-3 (Groundball, 4, EV 91.2 MPH)
|
| Top of the 3rd over - 0 runs, 0 hits, 0 errors, 1 left on base; Boston 3 - Seattle 0 |
| BOTTOM OF THE 3RD |
|
Seattle Mariners batting - Pitching for Boston Red Sox : RHP Jeremy Hernandez
|
|
Batting: LHB Dae-ik Yoon
|
0-0: Ball 1-0: Foul Ball, location: 2F 1-1: Foul Ball, location: 2F 1-2: Fly out, F5 (Line Drive, 56, EV 65.6 MPH)
|
|
Batting: RHB Jose Vasquez
|
0-0: Foul Ball, location: 2F 0-1: Ball 1-1: Ball 2-1: Ball 3-1: Base on Balls
|
|
Batting: RHB Tony Vargas
|
0-0: Ball 1-0: Foul Ball, location: 2F 1-1: Ball 2-1: Called Strike 2-2: Fielders Choice at 2nd, 3-6 (Groundball, 3, EV 90.6 MPH)
|
|
Batting: LHB Jerrod Cluck
|
0-0: Ball 1-0: Ball 2-0: Ball 3-0: Called Strike 3-1: Base on Balls Tony Vargas to second
|
|
Batting: SHB Ray Skogen
|
0-0: Ball 1-0: Ground out 4-3 (Groundball, 4, EV 100.6 MPH)
|
| Bottom of the 3rd over - 0 runs, 0 hits, 0 errors, 2 left on base; Boston 3 - Seattle 0 |
| TOP OF THE 4TH |
|
Boston Red Sox batting - Pitching for Seattle Mariners : LHP David Anaya
|
|
Batting: RHB Mike McElroy
|
0-0: Fly out, F7 (Flyball, 7D, EV 93.8 MPH)
|
|
Batting: RHB Ray Llewellyn
|
0-0: Swinging Strike 0-1: Foul Ball, location: 2F 0-2: Ball 1-2: Ball 2-2: Ball 3-2: SINGLE (Line Drive, 7S, EV 92.5 MPH)
|
|
Batting: LHB Zack Guillen
|
0-0: Called Strike 0-1: Ball 1-1: Ball 2-1: Foul Ball, location: 2F 2-2: Strikes out looking
|
|
Batting: RHB Joe Sandoval
|
0-0: Ball 1-0: Fly out, F4 (Popup, 13, EV 90.0 MPH)
|
| Top of the 4th over - 0 runs, 1 hit, 0 errors, 1 left on base; Boston 3 - Seattle 0 |
| BOTTOM OF THE 4TH |
|
Seattle Mariners batting - Pitching for Boston Red Sox : RHP Jeremy Hernandez
|
|
Batting: RHB Rick Ellis
|
0-0: Called Strike 0-1: Called Strike 0-2: Ground out 3-1 (Groundball, 34S, EV 88.1 MPH)
|
|
Batting: RHB Young-kwang Ohnn
|
0-0: Called Strike 0-1: Foul Ball, location: 2F 0-2: Ground out 6-3 (Groundball, 6, EV 108.1 MPH)
|
|
Batting: RHB Malik Brookshire
|
0-0: Ball 1-0: Ball 2-0: Called Strike 2-1: Fly out, F7 (Flyball, 7, EV 81.9 MPH)
|
| Bottom of the 4th over - 0 runs, 0 hits, 0 errors, 0 left on base; Boston 3 - Seattle 0 |
| TOP OF THE 5TH |
|
Boston Red Sox batting - Pitching for Seattle Mariners : LHP David Anaya
|
|
Now at C: Chris Skaff
|
|
|
Now at 2B: Brad Robidas
|
|
|
Batting: RHB Elijah Campbell
|
0-0: Foul Ball, location: 2F 0-1: Ball 1-1: Fly out, F6 (Popup, P, EV 85.0 MPH)
|
|
Pinch Hitting: RHB Nick Esteves
|
0-0: Ball 1-0: Ball 2-0: Called Strike 2-1: Fly out, F5 (Popup, 5F, EV 80.0 MPH)
|
|
Pinch Hitting: RHB Jose Diaz
|
0-0: Ground out 5-3 (Groundball, 56, EV 81.9 MPH)
|
| Top of the 5th over - 0 runs, 0 hits, 0 errors, 0 left on base; Boston 3 - Seattle 0 |
| BOTTOM OF THE 5TH |
|
Seattle Mariners batting - Pitching for Boston Red Sox : RHP Jeremy Hernandez
|
|
Pitching: RHP Jaime Dunning
|
|
|
Now at 3B: Willie Koviak
|
|
|
Now in CF: Nick Esteves
|
|
|
Now in RF: Jose Diaz
|
|
|
Batting: RHB Harutomi Matsubara
|
0-0: Called Strike 0-1: Called Strike 0-2: Ball 1-2: Ball 2-2: Strikes out swinging
|
|
Batting: LHB Dae-ik Yoon
|
0-0: Foul Ball, location: 2F 0-1: Ball 1-1: Ball 2-1: Foul Ball, location: 2F 2-2: Foul Ball, location: 2F 2-2: Ball 3-2: DOUBLE (Line Drive, 89XD, EV 102.5 MPH)
|
|
Pinch Hitting: RHB Steve Jordan
|
0-0: Ball 1-0: Called Strike 1-1: Foul Ball, location: 2F 1-2: Strikes out swinging, 2-3 out at first.
|
|
Batting: RHB Chris Skaff
|
0-0: Called Strike 0-1: Ball 1-1: Called Strike 1-2: Ball 2-2: Ball 3-2: Base on Balls
|
|
Pinch Hitting: LHB Josh Pittman
|
0-0: Ground out 6-3 (Groundball, 4MS, EV 83.8 MPH)
|
| Bottom of the 5th over - 0 runs, 1 hit, 0 errors, 2 left on base; Boston 3 - Seattle 0 |
| TOP OF THE 6TH |
|
Boston Red Sox batting - Pitching for Seattle Mariners : LHP David Anaya
|
|
Pitching: RHP Omar Colunga
|
|
|
Now in LF: Josh Pittman
|
|
|
Now in CF: Steve Jordan
|
|
|
Batting: LHB Jarrett Mordecai
|
0-0: Ball 1-0: Called Strike 1-1: Foul Ball, location: 2F 1-2: Foul Ball, location: 2F 1-2: Ball 2-2: Fly out, F7 (Line Drive, 78S, EV 95.6 MPH)
|
|
Batting: LHB Kevin McCormic Jr.
|
0-0: Ball 1-0: Foul Ball, location: 2F 1-1: Called Strike 1-2: Ground out 4-3 (Groundball, 4, EV 103.1 MPH)
|
|
Pinch Hitting: RHB Alois Wollf
|
0-0: Called Strike 0-1: Ball 1-1: Ball 2-1: Foul Ball, location: 2F 2-2: Strikes out swinging
|
| Top of the 6th over - 0 runs, 0 hits, 0 errors, 0 left on base; Boston 3 - Seattle 0 |
| BOTTOM OF THE 6TH |
|
Seattle Mariners batting - Pitching for Boston Red Sox : RHP Jaime Dunning
|
|
Pitching: RHP Alex Willerton
|
|
|
Now at 1B: Ben Ervin
|
|
|
Now at 2B: Willie Koviak
|
|
|
Now at 3B: Armando Vilano
|
|
|
Now at SS: Alois Wollf
|
|
|
Now in LF: Dave Burwell
|
|
|
Pinch Hitting: RHB Hideo Okimura
|
0-0: Called Strike 0-1: Ball 1-1: DOUBLE (Groundball, 5L, EV 102.5 MPH)
|
|
Batting: RHB Brad Robidas
|
0-0: Ball 1-0: Ball 2-0: Called Strike 2-1: Swinging Strike 2-2: Strikes out swinging
|
|
Batting: RHB Young-kwang Ohnn
|
0-0: Called Strike 0-1: Ball 1-1: Foul Ball, location: 2F 1-2: Ball 2-2: Strikes out swinging
|
|
Batting: RHB Malik Brookshire
|
0-0: Ball 1-0: Called Strike 1-1: Fly out, F7 (Flyball, 7, EV 75.0 MPH)
|
| Bottom of the 6th over - 0 runs, 1 hit, 0 errors, 1 left on base; Boston 3 - Seattle 0 |
| TOP OF THE 7TH |
|
Boston Red Sox batting - Pitching for Seattle Mariners : RHP Omar Colunga
|
|
Pitching: RHP Willie Sanchez
|
|
|
Now at 1B: Hideo Okimura
|
|
|
Batting: RHB Ray Llewellyn
|
0-0: Ball 1-0: Ball 2-0: Swinging Strike 2-1: DOUBLE (Line Drive, 89M, EV 97.5 MPH)
|
|
Batting: RHB Dave Burwell
|
0-0: Ball 1-0: Foul Ball, location: 2F 1-1: Foul Ball, location: 2F 1-2: Strikes out swinging
|
|
Batting: SHB Ben Ervin
|
0-0: Ball 1-0: Ball 2-0: Ball 3-0: Base on Balls
|
|
Batting: SHB Willie Koviak
|
0-0: Called Strike 0-1: Ball 1-1: Ball 2-1: 3-RUN HOME RUN (Flyball, 89XD, EV 115.0 MPH), Distance : 432 ft
|
|
Pitching: RHP Kyle Ridgeway
|
|
|
Batting: RHB Nick Esteves
|
0-0: Ball 1-0: Ball 2-0: Ground out 5-3 (Groundball, 56S, EV 88.8 MPH)
|
|
Batting: RHB Jose Diaz
|
0-0: Called Strike 0-1: Ball 1-1: Foul Ball, location: 2F 1-2: Ball 2-2: Ground out 6-3 (Groundball, 6, EV 103.1 MPH)
|
| Top of the 7th over - 3 runs, 2 hits, 0 errors, 0 left on base; Boston 6 - Seattle 0 |
| BOTTOM OF THE 7TH |
|
Seattle Mariners batting - Pitching for Boston Red Sox : RHP Alex Willerton
|
|
Batting: RHB Harutomi Matsubara
|
0-0: SOLO HOME RUN (Flyball, 9LD, EV 95.6 MPH), Distance : 348 ft
|
|
Batting: LHB Dae-ik Yoon
|
0-0: SINGLE (Line Drive, 7LS, EV 99.4 MPH)
|
|
Batting: RHB Steve Jordan
|
0-0: Called Strike 0-1: Swinging Strike 0-2: Ball 1-2: Strikes out swinging
|
|
Batting: RHB Chris Skaff
|
0-0: Called Strike 0-1: Ball 1-1: Ball 2-1: Foul Ball, location: 2F 2-2: Ball 3-2: Foul Ball, location: 2F 3-2: Base on Balls Dae-ik Yoon to second
|
|
Pitching: LHP Danny Schneible
|
|
|
Batting: LHB Josh Pittman
|
0-0: Ball 1-0: Foul Ball, location: 2F 1-1: Swinging Strike 1-2: Foul Ball, location: 2F 1-2: Grounds into double play, U6-3 (Groundball, 4MS, EV 83.8 MPH)
|
| Bottom of the 7th over - 1 run, 2 hits, 0 errors, 1 left on base; Boston 6 - Seattle 1 |
| TOP OF THE 8TH |
|
Boston Red Sox batting - Pitching for Seattle Mariners : RHP Kyle Ridgeway
|
|
Pitching: RHP Rich Ortega
|
|
|
Batting: LHB Jarrett Mordecai
|
0-0: Fly out, F7 (Flyball, 78S, EV 86.2 MPH)
|
|
Batting: RHB Armando Vilano
|
0-0: Ball 1-0: Ground out 6-3 (Groundball, 6, EV 95.6 MPH)
|
|
Batting: RHB Alois Wollf
|
0-0: Ball 1-0: Fly out, F8 (Flyball, 8LM, EV 94.4 MPH)
|
| Top of the 8th over - 0 runs, 0 hits, 0 errors, 0 left on base; Boston 6 - Seattle 1 |
| BOTTOM OF THE 8TH |
|
Seattle Mariners batting - Pitching for Boston Red Sox : LHP Danny Schneible
|
|
Pitching: RHP Jim Whiteman
|
|
|
Batting: RHB Hideo Okimura
|
0-0: Ball 1-0: Ground out 5-3 (Groundball, 56, EV 106.2 MPH)
|
|
Batting: RHB Brad Robidas
|
0-0: SINGLE (Line Drive, 4D, EV 96.9 MPH)
|
|
Batting: RHB Young-kwang Ohnn
|
0-0: Ball 1-0: Swinging Strike 1-1: Grounds into double play, 6-4-3 (Groundball, 6, EV 76.9 MPH)
|
| Bottom of the 8th over - 0 runs, 1 hit, 0 errors, 0 left on base; Boston 6 - Seattle 1 |
| TOP OF THE 9TH |
|
Boston Red Sox batting - Pitching for Seattle Mariners : RHP Rich Ortega
|
|
Pitching: RHP Jake Underhill
|
|
|
Pinch Hitting: SHB Greg Shaw
|
0-0: Foul Ball, location: 2F 0-1: Called Strike 0-2: Ball 1-2: Strikes out swinging
|
|
Batting: RHB Dave Burwell
|
0-0: Ball 1-0: Called Strike 1-1: Foul Ball, location: 2F 1-2: Foul Ball, location: 2F 1-2: Foul Ball, location: 2F 1-2: SINGLE (Groundball, 25, EV 73.1 MPH) (infield hit)
|
|
Batting: SHB Ben Ervin
|
0-0: Called Strike 0-1: Ball Dave Burwell is caught stealing 2nd base 2-6 1-1: Ball 2-1: Ball 3-1: Foul Ball, location: 2F 3-2: Foul Ball, location: 2F 3-2: DOUBLE (Line Drive, 5D, EV 99.4 MPH)
|
|
Batting: SHB Willie Koviak
|
0-0: Ball 1-0: Foul Ball, location: 2F 1-1: Ball 2-1: Ground out 4-3 (Groundball, 4, EV 83.1 MPH)
|
| Top of the 9th over - 0 runs, 2 hits, 0 errors, 1 left on base; Boston 6 - Seattle 1 |
| BOTTOM OF THE 9TH |
|
Seattle Mariners batting - Pitching for Boston Red Sox : RHP Jim Whiteman
|
|
Pitching: RHP John Jordan
|
|
|
Now at C: Greg Shaw
|
|
|
Batting: RHB Malik Brookshire
|
0-0: Ground out 6-3 (Groundball, 6S, EV 80.6 MPH)
|
|
Batting: LHB Ryan Lowe
|
0-0: Called Strike 0-1: Ball 1-1: Ball 2-1: Foul Ball, location: 2F 2-2: Strikes out swinging
|
|
Batting: LHB Dae-ik Yoon
|
0-0: Foul Ball, location: 2F 0-1: Called Strike 0-2: Ball 1-2: Strikes out looking
|
| Bottom of the 9th over - 0 runs, 0 hits, 0 errors, 0 left on base; Boston 6 - Seattle 1 |
|